 Dungeon Crawl Stone Soup version 0.30.0-21-gd299b56b3f (webtiles) character file.

Game seed: 5020036659269834557

139 qw the Chopper (level 5, -1/32 HPs)
             Began as a Gargoyle Fighter on June 2, 2023.
             Slain by a cerulean imp
             ... wielding a +1 spear
             ... summoned by Natasha
              (4 damage)
             ... on level 1 of the Dungeon.
             The game lasted 00:00:51 (1446 turns).

qw the Chopper (Gargoyle Fighter)                   Turns: 1446, Time: 00:00:51

Health: -1/32      AC: 14    Str: 21    XL:     5   Next: 22%
Magic:  5/5        EV:  7    Int:  9    God:
Gold:   110        SH:  4    Dex:  9    Spells: 4/4 levels left

rFire   . . .        Y - +0 war axe
rCold   . . .        c - +0 buckler
rNeg    + . .        e - +0 chain mail
rPois   inf          a - +0 helmet
rElec   +            (no cloak)
rCorr   .            (no gloves)
SInv    .            (no boots)
Will    .....        (no amulet) Stlth
                     (no ring)
HPRegen 0.25/turn    (no ring)
MPRegen 0.09/turn

%: no passive effects
@: no status effects
A: sickness immunity, AC +4, negative energy resistance 1, electricity
resistance, torment resistance 1, petrification resistance
a: no special abilities


You were on level 1 of the Dungeon.
You visited 1 branch of the dungeon, and saw 2 of its levels.

You collected 110 gold pieces.


Innate Abilities, Weirdness & Mutations

You are immune to sickness and miasma.
Your stone body is resilient. (AC +4)
You are immune to poison.
You resist negative energy. (rN+)
You are resistant to electric shocks. (rElec)
You are resistant to unholy torment.
You are immune to petrification.


   Skills:
 - Level 3.2 Fighting
 + Level 4.8 Axes
 - Level 3.2 Armour
 - Level 3.2 Shields


You had 4 spell levels left.
You didn't know any spells.
Your spell library was empty.

Inventory:

Hand Weapons
 j - a +0 whip
 Y - a +0 war axe (weapon)
Armour
 a - a +0 helmet (worn)
 c - a +0 buckler (worn)
 e - a +0 chain mail (worn)
Jewellery
 n - a +6 ring of intelligence
Scrolls
 f - a scroll of amnesia {unknown}
 h - a scroll of identify
 p - a scroll of teleportation {unknown}
Potions
 b - a potion of flight {unknown}
 d - a potion of might
 g - a potion of curing
 i - a potion of lignification {unknown}
 k - a potion of heal wounds {unknown}
 l - 3 potions of haste {unknown}
 m - a potion of mutation {unknown}
 o - a potion of cancellation {unknown}

Dungeon Overview and Level Annotations

Branches:
Dungeon (2/15)

Altars:

Annotations:
D:1 Natasha


Message History

Natasha claws you.
The cerulean imp hits you but does no damage.
Natasha casts a spell.
The cerulean imp hits you from afar with a +2 spear.
You barely miss Natasha.
Natasha is almost dead.
Natasha mumbles some strange words.
The cerulean imp hits you but does no damage. x2
You miss Natasha.
Natasha is almost dead.
You barely miss the cerulean imp. Natasha claws you but does no damage.
The cerulean imp hits you but does no damage. x2
The cerulean imp hits you with a +1 spear.
The cerulean imp hits you but does no damage.
The cerulean imp closely misses you. Natasha completely misses you.
The cerulean imp hits you but does no damage.
You closely miss Natasha.
Natasha is almost dead.
You hit the cerulean imp.
You feel yourself speed up.
Natasha wildly gestures.
You feel disoriented. You block Natasha's attack.
The cerulean imp hits you from afar with a +2 spear.
The cerulean imp barely misses you.
The cerulean imp hits you with a +1 spear.
The cerulean imp hits you but does no damage.
The cerulean imp barely misses you.
Natasha stares at you and mumbles some strange words.
The magic dart hits you but does no damage.
The cerulean imp hits you but does no damage.
You barely miss Natasha.
Natasha is almost dead.
You miss the cerulean imp. You block Natasha's attack.
The cerulean imp hits you but does no damage. x3
You block the cerulean imp's attack. Natasha claws you but does no damage.
The cerulean imp hits you from afar with a +1 spear.
You die...

#...........###..
#..###.#..#.####.
#..###....#......
##...###).....%...
##.....)>)#).#.....
#####...##.####..##....
#..........####..##....
#.................#....
#....5@..............#.
#...5h...[.......##....
#)..5...............#..
########...............
#...........#...
#..>......#.####
##.......##.#
#.........#.##
#.........#..###


You could see Natasha and 3 cerulean imps.

Vanquished Creatures
  Terence (D:2)
  Natasha (D:2)
  Robin (D:1)
  A gnoll (D:1)
  An adder (D:2)
  A dart slug (D:1)
  3 ball pythons
  4 endoplasms (D:1)
  2 giant cockroaches
  14 goblins
  5 hobgoblins
  5 jackals
  3 quokkas (D:2)
  6 bats
  2 frilled lizards (D:2)
  2 kobolds (D:1)
52 creatures vanquished.

Notes
Turn   | Place    | Note
-------+----------+-------------------------------------------
     0 | D:1      | qw the Gargoyle Fighter began the quest for the Orb.
     0 | D:1      | Reached XP level 1. HP: 14/14 MP: 1/1
     0 | D:1      | 0 ||| qw: Version: 0.2-a-102-gdf20003
     0 | D:1      | 0 ||| qw: Game counter: 834
     0 | D:1      | 0 ||| qw: Always use a shield: true
     0 | D:1      | 0 ||| qw: God list: Okawaru
     0 | D:1      | 0 ||| qw: Allow faded altars: false
     0 | D:1      | 0 ||| qw: Do Orc after D:15 true
     0 | D:1      | 0 ||| qw: Do second Lair branch before Depths: true
     0 | D:1      | 0 ||| qw: Lair rune preference: random
     0 | D:1      | 0 ||| qw: Plans: Normal, Zot:1-4, Slime:5, God:TSO, Crypt,
                  | Tomb, Pan, Hells, Abyss, Win
     0 | D:1      | 0 ||| PLANNING D:1-11
     1 | D:1      | You fall into a shaft and drop 1 floor!
    21 | D:2      | Reached skill level 2 in Axes
    60 | D:2      | 60 ||| Stepping ~*~*~tactically~*~*~ (stealth).
    63 | D:2      | 63 ||| Stepping ~*~*~tactically~*~*~ (hiding).
    65 | D:2      | 65 ||| FLEEEEING.
    66 | D:2      | 66 ||| Stepping ~*~*~tactically~*~*~ (hiding).
    70 | D:2      | Noticed Terence
    78 | D:2      | Killed Terence
    79 | D:2      | Reached skill level 3 in Axes
    79 | D:2      | Reached XP level 2. HP: 18/19 MP: 2/2
    79 | D:2      | Reached XP level 3. HP: 22/23 MP: 3/3
    84 | D:2      | 84 ||| UPGRADING to +0 chain mail.
    94 | D:2      | 94 ||| DROPPING +0 scale mail.
   195 | D:1      | 195 ||| Stepping ~*~*~tactically~*~*~ (hiding).
   197 | D:1      | 197 ||| Stepping ~*~*~tactically~*~*~ (hiding).
   349 | D:1      | 349 ||| Stepping ~*~*~tactically~*~*~ (stealth).
   397 | D:1      | Reached XP level 4. HP: 28/28 MP: 4/4
   399 | D:1      | 399 ||| DROPPING +0 club.
   400 | D:1      | 400 ||| Stepping ~*~*~tactically~*~*~ (stealth).
   571 | D:1      | 571 ||| Stepping ~*~*~tactically~*~*~ (stealth).
   578 | D:1      | 578 ||| Stepping ~*~*~tactically~*~*~ (stealth).
   595 | D:1      | 595 ||| Stepping ~*~*~tactically~*~*~ (stealth).
   616 | D:1      | 616 ||| READING scroll labelled HEH HAPNYUDA.
   617 | D:1      | 617 ||| READING 2 scrolls labelled IMIKIVI RY MUE.
   618 | D:1      | 618 ||| READING scroll labelled UJOACA TEBRYA.
   619 | D:1      | 619 ||| DRINKING 2 purple potions.
   646 | D:2      | Noticed Robin
   654 | D:2      | 654 ||| STAIRDANCE
   659 | D:1      | Reached skill level 4 in Axes
   680 | D:2      | 680 ||| STAIRDANCE
   720 | D:2      | 720 ||| STAIRDANCE
   723 | D:1      | Killed Robin
   750 | D:1      | 750 ||| UPGRADING to +0 helmet.
  1147 | D:2      | Noticed Natasha
  1151 | D:2      | Killed Natasha
  1152 | D:2      | Reached XP level 5. HP: 32/32 MP: 5/5
  1264 | D:2      | 1264 ||| Stepping ~*~*~tactically~*~*~ (stealth).
  1427 | D:2      | Noticed Natasha
  1432 | D:2      | 1432 ||| STAIRDANCE
  1445 | D:1      | HP: 7/32 [cerulean imp/+2 spear[Natasha] (3)]
  1445 | D:1      | HP: 2/32 [cerulean imp/+1 spear[Natasha] (5)]
  1446 | D:1      | Slain by a cerulean imp

Levels and vault maps discovered:
D:1:      matt_arrival_diagonals, layout_rooms, minmay_distorted
D:2:      layout_basic, minmay_misc_feat_nine_boxes, uniq_terence, uniq_robin,
          uniq_natasha

Skill      XL: |  1  2  3  4 |
---------------+-------------+-----
Axes           | 3 4 |  4.8
Fighting       | |  3.2
Armour         | |  3.2
Shields        | |  3.2

Action                     |  1- 3 |  4- 6 || total
---------------------------+-------+-------++-------
  Melee: War axe           |    50 |    81 ||   131
    Use: Scroll            |       |     3 ||     3
         Potion            |       |     1 ||     1
 Armour: Scale mail        |    19 |       ||    19
         Chain mail        |    12 |    85 ||    97
  Dodge: Dodged            |    33 |    40 ||    73
  Block: Buckler           |    15 |    23 ||    38

Table legend:
 A = Non-vault XP
 B = Vault XP
 C = Vault XP percentage of total XP
 D = Non-vault monster count
 E = Vault monster count
 F = Vault count percentage of total count
                 A         B        C        D         E       F
            +---------+---------+-------+---------+---------+-------
      Total |      85 |     114 |  57.3 |      34 |      18 |  34.6
            +---------+---------+-------+---------+---------+-------
        D:1 |      43 |      29 |  40.3 |      16 |       9 |  36.0
        D:2 |      42 |      85 |  66.9 |      18 |       9 |  33.3
            +---------+---------+-------+---------+---------+-------
